 Dungeon Crawl Stone Soup version 0.29-a0-330-g52719c12eb (webtiles) character file.

Game seed: 8128360835847079430

517512 Concombre the Conqueror (level 24, -35/247 (249) HPs)
             Began as a Minotaur Fighter on May 12, 2022.
             Was a High Priest of Okawaru.
             Killed from afar by Boris (59 damage)
             ... with an iron shot
             ... on level 2 of the Tomb of the Ancients on May 13, 2022.
             The game lasted 05:08:06 (101449 turns).

Concombre the Conqueror (Minotaur Fighter)        Turns: 101449, Time: 05:08:06

HP:   -35/247 (249) AC: 42    Str: 36 (37) XL:     24   Next: 53%
MP:   8/11          EV: 10    Int: 11      God:    Okawaru [*****.]
Gold: 6768          SH:  0    Dex: 12 (14) Spells: 23/23 levels left

rFire   . . .      SeeInvis .   E - +4 demon trident (antimagic)
rCold   . . .      Faith    .   (no shield)
rNeg    + + .      Spirit   .   x - +10 plate armour {Will+}
rPois   +          Reflect  .   w - +0 hat of Inviolability {Str+4}
rElec   .          Harm     .   L - +2 cloak
rCorr   +          Rampage  +   I - +2 pair of gloves {hurl}
Will    ++++.                   p - +0 pair of boots "Onofaom" {Rampage Drain Int+6}
Stlth   ..........              Y - amulet "Futrew" {rPois Will+ Regen+}
HPRegen 1.31/turn               a - ring "Pamy" {rN+ Will+ rCorr}
MPRegen 0.12/turn               g - ring "Gaciesil" {rN+ Str+4}

@: finesse-ful, hasted and slowed, studying 3 skills, lightly drained
A: horns 2, retaliatory headbutt
}: 2/15 runes: barnacled, gossamer
a: Renounce Religion, Heroism, Finesse, Duel


You were on level 2 of the Tomb of the Ancients.
You worshipped Okawaru.
Okawaru was extremely pleased with you.
You visited 12 branches of the dungeon, and saw 48 of its levels.
You also visited: Sewer, Gauntlet, Ice Cave, Volcano and Wizlab.

You collected 8723 gold pieces.
You spent 1955 gold pieces at shops.

Inventory:

Hand Weapons
 j - the +4 hand axe "Qazoschu" {distort, *Slow rC+ Int+2 Dex+5}
   (You took it off a deep elf demonologist on level 3 of the Elven Halls)

   It warps and distorts space around it, and may blink, banish, or inflict
   extra damage upon those it strikes.
   Unwielding it can cause banishment or high damage.
   Int:       It affects your intelligence (+2).
   Dex:       It affects your dexterity (+5).
   rC:        It protects you from cold.
   *Slow:     It may slow you when you take damage.
 E - a +4 antimagic demon trident (weapon)
 S - the +5 spear of Infinite Pain {drain, rN++}
   (You found it on level 14 of the Dungeon)

   A truly terrible weapon, it drains the life of any living foe it strikes.
   rN:        It greatly protects you from negative energy.
 U - the +6 bardiche "Tiro" {vorpal, Dex+5}
   (Okawaru gifted it to you on level 1 of the Lair of Beasts)

   It inflicts extra damage upon your enemies.
   Dex:       It affects your dexterity (+5).
Missiles
 F - 26 javelins (quivered)
 K - 16 silver javelins
 T - 31 poisoned darts
Armour
 p - the +0 pair of boots "Onofaom" (worn) {Rampage Drain Int+6}
   (You found it in a Gauntlet)

   Int:       It affects your intelligence (+6).
   Drain:     It drains your maximum health when unequipped.
   Rampage:   It bestows one free step when moving towards enemies.
 w - the +0 hat of Inviolability (worn) {Str+4}
   (Okawaru gifted it to you on level 13 of the Dungeon)

   Str:       It affects your strength (+4).
 x - a +10 plate armour of willpower (worn)
 I - a +2 pair of gloves of hurling (worn)
 L - a +2 cloak (worn)
Jewellery
 a - the ring "Pamy" (left hand) {rN+ Will+ rCorr}
   (You found it on level 3 of the Crypt)

   [ring of positive energy]

   rN:        It protects you from negative energy.
   rCorr:     It protects you from acid and corrosion.
   Will:      It increases your willpower.
 g - the ring "Gaciesil" (right hand) {rN+ Str+4}
   (You found it on level 3 of the Crypt)

   [ring of positive energy]

   Str:       It affects your strength (+4).
   rN:        It protects you from negative energy.
 n - the ring of Truth {rCorr Str+6 Int+4 Dex+2}
   (You took it off a necromancer on level 2 of the Vaults)

   [ring of strength]

   Str:       It affects your strength (+6).
   Int:       It affects your intelligence (+4).
   Dex:       It affects your dexterity (+2).
   rCorr:     It protects you from acid and corrosion.
 u - a ring of flight
 M - the ring "Moiludy" {Str+4 SInv}
   (You bought it in a shop on level 3 of the Vaults)

   [ring of see invisible]

   Str:       It affects your strength (+4).
   SInv:      It lets you see invisible.
 O - a +6 ring of strength
 V - the ring of Eternal Night {rF+ Will+ Str+6}
   (You took it off a deep elf annihilator on level 3 of the Elven Halls)

   [ring of strength]

   Str:       It affects your strength (+6).
   rF:        It protects you from fire.
   Will:      It increases your willpower.
 Y - the amulet "Futrew" (around neck) {rPois Will+ Regen+}
   (You took it off a skeletal warrior on level 3 of the Crypt)

   [amulet of regeneration]

   rPois:     It protects you from poison.
   Regen:     It increases your rate of health regeneration.
   Will:      It increases your willpower.
Wands
 c - a wand of paralysis (32)
 v - a wand of iceblast (43)
 A - a wand of mindburst (33)
 D - a wand of polymorph (19)
 G - a wand of flame (68)
 H - a wand of digging (21)
 W - a wand of acid (36)
Scrolls
 b - 8 scrolls of fog
 o - 15 scrolls of teleportation
 t - 4 scrolls of blinking
 y - 3 scrolls of magic mapping
 z - 13 scrolls of fear
 R - a scroll of holy word
 X - a scroll of brand weapon
Potions
 d - 6 potions of might
 e - 2 potions of brilliance
 f - 7 potions of cancellation
 h - 6 potions of haste
 i - 3 potions of resistance
 k - 20 potions of curing
 l - 7 potions of magic
 m - 6 potions of ambrosia
 r - 12 potions of invisibility
 s - 5 potions of heal wounds
 Q - 2 potions of berserk rage
Miscellaneous
 q - a piece from Xom's chessboard (15/15)
 B - a lightning rod (4/4)
 J - a phial of floods
 Z - a condenser vane


   Skills:
 O Level 27 Fighting
 + Level 8.1 Maces & Flails
 - Level 24.0 Polearms
 - Level 16.0 Throwing
 O Level 27 Armour
 + Level 2.6 Dodging
 - Level 3.6 Shields
 + Level 16.6 Invocations
 + Level 12.3 Evocations


You had 23 spell levels left.
You didn't know any spells.
Your spell library contained the following spells:

 Spells                   Type           Power      Damage    Failure   Level
 Foxfire                  Conj/Fire      0%         2x1d4     63%         1
 Magic Dart               Conj           0%         1d3       63%         1
 Sandblast                Erth           0%         2d4       63%         1
 Shock                    Conj/Air       0%         1d3       63%         1
 Slow                     Hex            0%         N/A       63%         1
 Blink                    Tloc           0%         N/A       77%         2
 Passwall                 Tmut/Erth      0%         N/A       77%         2
 Static Discharge         Conj/Air       0%         N/A       77%         2
 Sublimation of Blood     Necr           0%         N/A       77%         2
 Wereblood                Tmut           0%         N/A       77%         2
 Confusing Touch          Hex            0%         N/A       94%         3
 Frozen Ramparts          Ice            0%         1d2       94%         3
 Gell's Gravitas          Tloc           0%         N/A       94%         3
 Ignite Poison            Fire/Tmut/Pois 0%         N/A       94%         3
 Lesser Beckoning         Tloc           0%         N/A       94%         3
 Mephitic Cloud           Conj/Pois/Air  0%         N/A       94%         3
 Ozocubu's Armour         Ice            0%         N/A       94%         3
 Portal Projectile        Hex/Tloc       0%         N/A       94%         3
 Stone Arrow              Conj/Erth      0%         3d7       94%         3
 Swiftness                Air            0%         N/A       94%         3
 Teleport Other           Tloc           0%         N/A       94%         3
 Airstrike                Air            0%         N/A       100%        4
 Anguish                  Hex/Necr       0%         N/A       100%        4
 Dispel Undead            Necr           0%         3d6       100%        4
 Ice Form                 Ice/Tmut       0%         N/A       100%        4
 Leda's Liquefaction      Hex/Erth       0%         N/A       100%        4
 Olgreb's Toxic Radiance  Pois           0%         N/A       100%        4
 Passage of Golubria      Tloc           0%         N/A       100%        4
 Sticky Flame             Conj/Fire      0%         2d3       100%        4
 Alistair's Intoxication  Tmut/Pois      0%         N/A       100%        5
 Borgnjor's Vile Clutch   Necr/Erth      0%         N/A       100%        5
 Fireball                 Conj/Fire      0%         3d3       100%        5
 Freezing Cloud           Conj/Ice/Air   0%         6-21      100%        5
 Irradiate                Conj/Tmut      0%         3d13      100%        5
 Iskenderun's Battlesphe  Conj           0%         2d6       100%        5
 Lee's Rapid Deconstruct  Erth           0%         3d5*      100%        5
 Lightning Bolt           Conj/Air       0%         1d11      100%        5
 Manifold Assault         Tloc           0%         N/A       100%        5
 Silence                  Hex/Air        0%         N/A       100%        5
 Yara's Violent Unravell  Hex/Tmut       0%         3d3       100%        5
 Dispersal                Tloc           0%         N/A       100%        6
 Eringya's Noxious Bog    Tmut/Pois      0%         N/A       100%        6
 Starburst                Conj/Fire      0%         6d3       100%        6
 Statue Form              Tmut/Erth      0%         N/A       100%        6
 Enfeeble                 Hex            0%         N/A       100%        7
 Orb of Destruction       Conj           0%         9d5       100%        7
 Ozocubu's Refrigeration  Ice            0%         4d5       100%        7
 Storm Form               Tmut/Air       0%         N/A       100%        7
 Borgnjor's Revivificati  Necr           0%         N/A       100%        8
 Discord                  Hex            0%         N/A       100%        8
 Ignition                 Fire           0%         3d3       100%        8
 Lehudib's Crystal Spear  Conj/Erth      0%         10d2      100%        8
 Maxwell's Capacitive Co  Air            0%         ∞         100%        8
 Necromutation            Tmut/Necr      0%         N/A       100%        8
 Death's Door             Necr           0%         N/A       100%        9
 Polar Vortex             Ice            0%         N/A       100%        9
 Call Canine Familiar     Summ           Unusable   N/A       N/A         3
 Summon Guardian Golem    Hex/Summ       Unusable   N/A       N/A         3
 Tukima's Dance           Hex            Unusable   N/A       N/A         3
 Summon Ice Beast         Ice/Summ       Unusable   N/A       N/A         4
 Summon Lightning Spire   Summ/Air       Unusable   N/A       N/A         4
 Simulacrum               Ice/Necr       Unusable   N/A       N/A         6
 Spellforged Servitor     Conj/Summ      Unusable   N/A       N/A         7
 Summon Hydra             Summ           Unusable   N/A       N/A         7

Dungeon Overview and Level Annotations

Branches:
Dungeon (15/15)            Temple (1/1) D:5            Lair (6/6) D:8
 Shoals (4/4) Lair:3       Spider (4/4) Lair:2        Slime (1/5) Lair:5
    Orc (2/2) D:12            Elf (3/3) Orc:2        Vaults (3/5) D:13
  Crypt (3/3) Vaults:3       Tomb (2/3) Crypt:3      Depths (4/4) D:15
    Zot (0/5) Depths:4      Sewer (visited)           IceCv (visited)
Volcano (visited)          WizLab (visited)         Gauntlet (visited)

Altars:
Ashenzari
Cheibriados
Elyvilon
Gozag
Hepliaklqana
Kikubaaqudgha
Nemelex Xobeh
Okawaru
Uskayaw
Vehumet
Yredelemnul
Zin
The Shining One
Beogh

Shops:
D:11 [   Orc:2 ?[=:   Elf:1 :   Elf:2 ?   Elf:3 *   Vaults:1 [   Vaults:3 ((=

Portals:
Hell: D:15 Depths:1 Depths:2 Depths:3 Depths:4
Abyss: Depths:1 Depths:2 Depths:3
Pandemonium: Depths:2
Ziggurat: Depths:3

Annotations:
Tomb:2 Boris
Depths:2 1 runed translucent door


Innate Abilities, Weirdness & Mutations

You have a pair of horns on your head.
You reflexively headbutt those who attack you in melee.


Message History

The wight disappears in a puff of smoke!
The emperor scorpion stings you but does no damage.
The emperor scorpion closely misses you.
The emperor scorpion claws you but does no damage.
The mummy priest utters an invocation to its god.
A royal mummy comes into view.
The royal mummy is lost in a daze. x2
The emperor scorpion stings you but does no damage.
The emperor scorpion claws you but does no damage.
The emperor scorpion closely misses you.
The emperor scorpion stings you but does no damage.
The emperor scorpion barely misses you.
The emperor scorpion closely misses you.
You skewer the royal mummy like a kebab!!!
The royal mummy's magic leaks into the air.
You headbutt the royal mummy! Your punch misses the royal mummy.
The royal mummy is almost destroyed.
The mummy priest is lost in a daze.
You puncture the royal mummy!
You destroy the royal mummy!
Okawaru accepts your kill. Okawaru grants you ammunition!
Something appears at your feet!
The emperor scorpion disappears in a puff of smoke! x2
You feel extremely nervous for a moment...
You are engulfed in negative energy!
You partially resist.
You feel drained.
The royal mummy is lost in a daze.
Your Maces & Flails skill increases to level 8!
Something unseen opens the door.
You see here a +0 flail.
Unknown command.
A mummy priest comes into view.
The royal mummy is lost in a daze.
The royal mummy calls on the powers of darkness!
Your body is wracked with pain!
* * * LOW HITPOINT WARNING * * *
You hear some strange, mumbled words.
An iron shot appears from out of thin air!
The iron shot hits you!!!
You die...

.M #### ####'####
#)............. #...
............. #...
#.............
#...##.............
#...@..............
#.........##.......
#.....)zM##........
#......{.........§.
#.....##z........#
#.....##....$....##.
#........M..........
#.......§.M.........
#....9...z..........


You could see 3 royal mummies and 2 flying skulls.

Vanquished Creatures
  Sojobo (Arena)
  4 royal mummies
  Vv (Crypt:2)
  Boris (Vaults:2)
  A Head Instructor (WizLab)
  Saint Roka (Orc:2)
  13 caustic shrikes
  2 profane servitors (Crypt:3)
  2 golden dragons (Depths:4)
  the Enchantress (Depths:3)
  Nikola (Spider:4)
  A bone dragon (Crypt:3)
  A tentacled monstrosity (Depths:3)
  A shard shrike zombie (Crypt:3)
  2 deep elf blademasters (Elf:2)
  A walking earthen tome (Depths:3)
  3 liches
  A walking divine tome (Depths:1)
  A walking frostbound tome (Depths:3)
  2 acid blobs
  Polyphemus (Shoals:3)
  2 deep elf master archers (Elf:3)
  2 quicksilver dragons
  4 ancient champions
  Gastronok (D:11)
  14 sphinxes
  2 krakens (Shoals:1)
  3 storm dragons
  4 revenants
  3 tengu reavers
  Agnes (Spider:2)
  Donald (Vaults:2)
  2 draconian knights (WizLab)
  9 fire giants
  8 frost giants
  A rockslime (Slime:1)
  5 emperor scorpions
  Aizul (Spider:4)
  2 deep elf sorcerers (Elf:3)
  8 vault wardens
  4 orc warlords
  The ghost of Opeho the Phalangite, a journeyman MiBe of Trog (Elf:3)
  14 ghouls
  4 spriggan defenders
  A caustic shrike zombie (Crypt:3)
  5 ghost moths
  A draconian stormcaller (Depths:4)
  A draconian annihilator (Depths:4)
  7 ironbound preservers
  A reaper (Depths:2)
  7 deep elf elementalists
  A broodmother (Spider:2)
  4 ironbound thunderhulks
  6 war gargoyles
  3 deep elf demonologists
  12 stone giants
  9 very ugly things
  2 purple draconians (Depths:4)
  Nessos (D:14)
  2 red draconians (Depths:4)
  2 bennus (Tomb:1)
  7 vampire knights
  12 deep elf annihilators
  4 entropy weavers
  2 minotaurs
  2 yellow draconians (Depths:4)
  11 spark wasps
  15 eidola
  2 pale draconians (Depths:4)
  6 dire elephants
  5 ettins
  2 crystal guardians
  2 merfolk javelineers
  6 mummy priests
  10 fire dragons
  4 merfolk impalers
  8 jiangshi
  7 deep elf death magi
  3 great orbs of eyes
  2 deep elf high priests
  A spriggan zombie (Crypt:3)
  8 yaktaur captains
  A rakshasa (Depths:1)
  6 vault guards
  A fenstrider witch zombie (Crypt:3)
  11 hydras
  4 spriggan air magi
  12 ice dragons
  5 boulder beetles
  7 ogre magi
  4 peacekeepers
  Erolcha (D:11)
  15 centaur warriors
  2 radroaches
  A spriggan skeleton (Tomb:1)
  8 death knights
  2 two-headed ogres
  7 ironbound frosthearts
  2 catoblepae
  A merfolk aquamancer (Shoals:4)
  4 alligator snapping turtles
  3 merfolk avatars
  27 dancing weapons
  6 deep troll shamans
  16 satyrs
  A fenstrider witch skeleton (Crypt:2)
  6 death yaks
  6 tengu warriors
  4 vampire magi
  13 death scarabs
  A titan zombie (Crypt:2)
  12 deep troll earth magi
  2 orc high priests
  A spectral emperor scorpion (Spider:4)
  A spriggan berserker (Depths:1)
  Urug (Orc:2)
  5 hell knights (Depths:2)
  20 deep elf knights
  A soul eater (Gauntlet)
  Nergalle (Orc:2)
  A shadow wraith (Crypt:2)
  A sixfirhy (Depths:2)
  A sun moth (Spider:1)
  A storm dragon skeleton (Crypt:2)
  6 iron trolls
  2 salamander mystics (WizLab)
  A fire crab (Lair:6)
  5 pharaoh ants
  A bunyip zombie (Crypt:3)
  5 sea snakes
  44 deep trolls
  8 orb spiders
  An iron giant zombie (Crypt:3)
  4 orange crystal statues (D:12)
  25 skeletal warriors
  7 flayed ghosts
  4 glowing orange brains
  10 steelbarb worms
  Pikel (D:4)
  2 bog bodies
  19 deep elf archers
  7 lindwurms
  A tengu zombie (Vaults:3)
  An anaconda skeleton (Crypt:1)
  A shadow dragon zombie (Crypt:3)
  11 necromancers
  15 phantasmal warriors
  5 wolf spider zombies (Spider:1)
  10 orc knights
  10 ironbound convokers
  4 spectral wolf spiders
  14 wizards
  21 harpies
  11 orc sorcerers
  4 mana vipers (WizLab)
  22 fauns
  37 deep elf zephyrmancers
  2 stone giant zombies (Crypt:3)
  22 deep elf pyromancers
  15 elephants
  26 wolf spiders
  30 ugly things
  6 cyclopes
  20 manticores
  6 merfolk sirens
  2 moths of wrath (Spider:4)
  A jorogumo skeleton (Crypt:2)
  An ice statue (IceCv)
  An eleionoma skeleton (Crypt:2)
  2 centaur zombies
  A dire elephant zombie (Tomb:1)
  2 naga zombies
  5 water nymphs
  10 black mambas
  12 vault sentinels
  9 torpor snails
  An orange demon (Depths:2)
  A smoke demon (Volcano)
  A gargoyle (D:6)
  2 naga magi
  2 molten gargoyles (Lair:6)
  A centaur skeleton (D:15)
  5 unseen horrors (Depths:1)
  16 cane toads
  6 rime drakes
  A kobold demonologist (D:10)
  2 yaktaurs (shapeshifter)
  3 spectral redbacks (Spider:4)
  33 yaktaurs
  2 human zombies
  A rime drake (shapeshifter) (D:13)
  11 freezing wraiths
  4 demonic crawlers (Spider:1)
  A grey draconian skeleton (Crypt:2)
  2 redback zombies (Spider:4)
  11 komodo dragons
  9 tengu conjurers
  A red devil (Volcano)
  10 guardian mummies
  An elf skeleton (Vaults:3)
  4 harpy zombies (Crypt:3)
  14 polar bears
  4 meliai
  10 trolls
  3 spectral tarantellas (Spider:4)
  A tyrant leech (Gauntlet)
  2 hornets
  A raiju (Gauntlet)
  6 wolf spider simulacra (Spider:1)
  19 tarantellas
  7 wind drakes
  A jumping spider zombie (Spider:4)
  A spectral jumping spider (Spider:4)
  5 blink frogs
  13 snapping turtles
  A spectral culicivora (Spider:4)
  22 merfolk
  30 slime creatures
  4 dream sheep (Lair:3)
  A human skeleton (Vaults:3)
  4 large abominations (Depths:1)
  An iron dragon simulacrum (Crypt:2)
  2 tarantella zombies (Spider:4)
  A meliai zombie (D:15)
  A stone giant simulacrum (Vaults:3)
  8 flying skulls
  3 shadows
  Sigmund (D:4)
  6 water elementals
  8 spriggans
  5 air elementals
  A centaur simulacrum (Tomb:1)
  2 ushabtiu
  A spriggan (shapeshifter) (Depths:4)
  18 jumping spiders
  22 culicivoras
  11 wyverns
  19 wraiths
  56 yaks
  Eustachio (D:4)
  5 golden eyes
  8 basilisks
  11 fire bats (Volcano)
  53 redbacks
  6 steam dragons
  A redback simulacrum (D:15)
  2 fire elementals
  6 vampire mosquitoes
  4 chaos spawn
  3 swamp worms (Gauntlet)
  4 wargs (Orc:1)
  4 acid dragons
  20 water moccasins
  The ghost of marpa the Digger, an amateur GrEE (D:3)
  A floating eye (Depths:3)
  6 hell hounds
  A demonspawn skeleton (Crypt:1)
  25 orc warriors
  A sky beast (D:6)
  4 black bears
  8 centaurs
  8 boggarts
  An ettin simulacrum (Crypt:2)
  24 wolves
  15 ogres
  3 lemures (D:4)
  6 phantoms
  A salamander zombie (Crypt:1)
  5 kobold brigands
  3 small abominations (Depths:1)
  16 necrophages
  A draconian skeleton (Crypt:2)
  11 bullfrogs
  A bullfrog (shapeshifter) (Elf:3)
  5 scorpions
  2 gnoll sergeants (D:10)
  10 wyvern skeletons (Crypt:3)
  2 earth elementals (Elf:1)
  9 wights
  A warg skeleton (Crypt:2)
  9 killer bees
  A howler monkey (D:8)
  7 electric eels
  A troll skeleton (Crypt:1)
  11 lava snakes
  5 jellies
  20 orc priests
  A hound (D:5)
  3 gnoll shamans
  2 iguanas
  35 orc wizards
  10 hell rats
  A killer bee zombie (Crypt:1)
  A sky beast zombie (Crypt:2)
  A hound skeleton (Crypt:2)
  14 mummies
  A howler monkey zombie (Crypt:1)
  21 gnolls
  10 adders
  2 river rats (Sewer)
  3 shadow imps
  A steam dragon skeleton (Crypt:2)
  2 white imps (D:6)
  3 worms
  A dart slug (D:1)
  78 orcs
  7 ball pythons
  4 bats
  15 endoplasms
  5 giant cockroaches
  6 goblins
  6 hobgoblins
  5 jackals
  6 quokkas
  6 frilled lizards
  A gnoll skeleton (Crypt:1)
  25 kobolds
  13 rats
  4 ball lightnings (D:15)
  A tentacle (Shoals:1)
2132 creatures vanquished.

Vanquished Creatures (others)
  The ghost of Cofiopra the Thaumaturge, an adept DjEE of Makhleb (D:15)
  2 ettins (D:15)
  4 two-headed ogres (D:15)
  2 deep elf knights
  A deep elf zephyrmancer (Elf:3)
  A tarantella (Spider:4)
  A redback (Spider:4)
  An orc wizard (Orc:2)
  A ball lightning (D:15)
  38 fungi
  119 plants
  47 tentacles (Shoals:1)
  19 withered plants (Crypt:3)
237 creatures vanquished.

Grand Total: 2369 creatures vanquished

Notes
Turn   | Place    | Note
-------+----------+-------------------------------------------
     0 | D:1      | Concombre the Minotaur Fighter began the quest for the Orb.
     0 | D:1      | Reached XP level 1. HP: 19/19 MP: 0/0
    99 | D:1      | Found a faded altar of an unknown god.
   184 | D:1      | Reached XP level 2. HP: 27/27 MP: 1/1
   930 | D:2      | Identified the +1 leather armour of Weotz {rC+ Regen+
                  | Str-3}
   980 | D:2      | Reached XP level 3. HP: 33/33 MP: 2/2
  1763 | D:3      | Found a glowing drain.
  1789 | Sewer    | Entered a sewer
  1844 | Sewer    | Reached XP level 4. HP: 41/41 MP: 3/3
  2032 | Sewer    | Reached skill level 1 in Throwing
  2036 | Sewer    | Found a viscous altar of Jiyva.
  2162 | Sewer    | Reached XP level 5. HP: 46/47 MP: 4/4
  2399 | D:3      | Reached skill level 5 in Fighting
  2752 | D:3      | Reached skill level 5 in Polearms
  2752 | D:3      | Reached XP level 6. HP: 56/56 MP: 5/5
  2771 | D:3      | Reached skill level 5 in Armour
  2853 | D:3      | Found a runed translucent door.
  2859 | D:3      | Noticed marpa's ghost (amateur GrEE)
  2873 | D:3      | Killed marpa's ghost
  2953 | D:3      | Reached XP level 7. HP: 61/61 MP: 6/6
  3982 | D:4      | Found an opulent altar of Gozag.
  4019 | D:4      | Noticed Eustachio
  4069 | D:4      | Killed Eustachio
  4299 | D:4      | Noticed Pikel
  4526 | D:4      | Killed Pikel
  4527 | D:4      | Reached XP level 8. HP: 38/70 MP: 7/7
  5023 | D:4      | Found a broken altar of Ashenzari.
  5048 | D:4      | Found an iron altar of Okawaru.
  5050 | D:4      | Noticed Sigmund
  5056 | D:4      | Killed Sigmund
  5059 | D:4      | Became a worshipper of Warmaster Okawaru
  5545 | D:5      | Entered Level 5 of the Dungeon
  5659 | D:5      | Found a staircase to the Ecumenical Temple.
  5671 | Temple   | Entered the Ecumenical Temple
  6079 | D:5      | Found a snail-covered altar of Cheibriados.
  6468 | D:5      | Reached XP level 9. HP: 78/78 MP: 8/8
  6662 | D:6      | Noticed a gargoyle
  6981 | D:6      | Reached skill level 10 in Polearms
  7033 | D:6      | Killed a gargoyle
  7033 | D:6      | Reached * piety under Okawaru
  7329 | D:6      | Identified the +1 robe of the Pits of Slime {Contam rF+
                  | Regen+}
  8298 | D:7      | Found a hide-covered altar of Uskayaw.
  8910 | D:7      | Reached ** piety under Okawaru
  9332 | D:8      | Reached XP level 10. HP: 66/88 MP: 9/9
  9706 | D:7      | Reached *** piety under Okawaru
 10004 | D:8      | Found a staircase to the Lair.
 10133 | D:8      | Reached skill level 10 in Armour
 10920 | D:9      | Found a hazy altar of Hepliaklqana.
 11439 | D:10     | Entered Level 10 of the Dungeon
 12021 | D:10     | Reached **** piety under Okawaru
 12202 | D:10     | Reached XP level 11. HP: 87/97 MP: 10/10
 12994 | D:11     | Noticed a six-headed hydra
 13008 | D:11     | Killed a six-headed hydra
 13008 | D:11     | Received a gift from Okawaru
 13009 | D:11     | Reached skill level 15 in Polearms
 13125 | Lair:1   | Entered Level 1 of the Lair of Beasts
 13211 | Lair:1   | Reached skill level 10 in Fighting
 13397 | Lair:1   | Reached ***** piety under Okawaru
 13561 | Lair:1   | Identified the +6 bardiche "Tiro" {vorpal, Dex+5} (Okawaru
                  | gifted it to you on level 1 of the Lair of Beasts)
 13561 | Lair:1   | Received a gift from Okawaru
 14342 | Lair:2   | Found a hole to the Spider Nest.
 14493 | Lair:2   | Noticed a boulder beetle
 14509 | Lair:2   | Killed a boulder beetle
 14510 | Lair:2   | Reached skill level 5 in Throwing
 15110 | Lair:3   | Found a staircase to the Shoals.
 15208 | Lair:3   | Reached XP level 12. HP: 106/108 MP: 11/11
 15212 | Lair:3   | Received a gift from Okawaru
 15542 | Lair:3   | Reached skill level 1 in Evocations
 15632 | Lair:3   | Noticed a five-headed hydra
 15642 | Lair:3   | Killed a five-headed hydra
 15667 | Lair:3   | Noticed a death yak
 15688 | Lair:3   | Killed a death yak
 15700 | Lair:3   | Noticed a seven-headed hydra
 15715 | Lair:3   | Killed a seven-headed hydra
 15763 | Lair:3   | Reached skill level 1 in Invocations
 15855 | Lair:3   | Identified the ring "Riniefuw" {rF+ rC- EV+4 Stlth+}
 16232 | Lair:3   | Noticed a six-headed hydra
 16260 | Lair:3   | Killed a six-headed hydra
 16412 | Lair:3   | Received a gift from Okawaru
 17229 | Lair:4   | Reached ****** piety under Okawaru
 17447 | Lair:4   | Reached XP level 13. HP: 118/118 MP: 14/14
 17724 | Lair:4   | Received a gift from Okawaru
 18073 | Lair:4   | Received a gift from Okawaru
 19351 | Lair:5   | Found a staircase to the Slime Pits.
 19443 | Lair:5   | Reached skill level 5 in Invocations
 19634 | Lair:6   | Entered Level 6 of the Lair of Beasts
 19832 | Lair:6   | Received a gift from Okawaru
 19876 | Lair:6   | Found a dark tunnel.
 19888 | Volcano  | Entered a volcano
 20225 | Volcano  | Found a bloodstained altar of Trog.
 20957 | Lair:6   | Received a gift from Okawaru
 20965 | Lair:6   | Reached XP level 14. HP: 84/129 MP: 17/17
 21026 | Lair:6   | Found a large runed translucent door.
 21028 | Lair:6   | Found a large runed translucent door.
 21316 | Lair:6   | Identified the +2 ring mail of Magic {rCorr} (Okawaru
                  | gifted it to you on level 6 of the Lair of Beasts)
 21316 | Lair:6   | Received a gift from Okawaru
 21569 | Lair:6   | Identified the +3 tower shield of Ylitt {rC- Dex+4 Stlth+}
 22508 | D:11     | Noticed Erolcha
 22516 | D:11     | Killed Erolcha
 22547 | D:11     | Noticed Gastronok
 22569 | D:11     | Killed Gastronok
 22703 | D:11     | Found Bosojemm's Antique Armour Shop.
 23359 | D:12     | Found a gate leading to a gauntlet.
 23366 | Gauntlet | Entered a Gauntlet
 23366 | Gauntlet | Found a transporter.
 23366 | Gauntlet | Found a transporter.
 23370 | Gauntlet | Found a transporter.
 23370 | Gauntlet | Found a transporter.
 23373 | Gauntlet | Found a transporter.
 23409 | Gauntlet | Found a transporter.
 23411 | Gauntlet | Found a transporter.
 23411 | Gauntlet | Found a transporter.
 23424 | Gauntlet | Found a transporter.
 23440 | Gauntlet | Found a transporter.
 23448 | Gauntlet | Found a runed translucent door.
 23452 | Gauntlet | Found a transporter.
 23454 | Gauntlet | Found a runed translucent door.
 23457 | Gauntlet | Found a transporter.
 23491 | Gauntlet | Found a transporter.
 23508 | Gauntlet | Found a transporter.
 23739 | Gauntlet | Identified the +0 pair of boots "Onofaom" {Rampage Drain
                  | Int+6}
 23816 | Gauntlet | Identified the +1 falchion of the Middle {distort, Fly
                  | rCorr Dex+6}
 23816 | Gauntlet | Identified the amulet of Sloth {rElec Regen+}
 23817 | Gauntlet | Got Ozerocw's Guide on the Glacier
 24078 | D:12     | Found a staircase to the Orcish Mines.
 24363 | D:12     | Identified a scroll of acquirement
 24397 | D:12     | Acquired a +0 demon trident of flaming
 24453 | D:12     | Found a runed translucent door.
 24457 | D:12     | Found the +10 tower shield of Ignorance {rN+ Int-4}
 24469 | D:12     | Found a runed translucent door.
 24611 | D:12     | You fall into a shaft and drop 1 floor!
 25060 | D:13     | Identified the +0 hat of Inviolability {Str+4} (Okawaru
                  | gifted it to you on level 13 of the Dungeon)
 25060 | D:13     | Received a gift from Okawaru
 25233 | D:13     | Identified the +7 hunting sling of Okhlaoqi {freeze, rPois
                  | rN+ Str+2}
 25902 | Orc:1    | Entered Level 1 of the Orcish Mines
 25907 | Orc:1    | Found a frozen archway.
 25914 | IceCv    | Entered an ice cave
 26502 | IceCv    | Reached XP level 15. HP: 64/139 MP: 19/19
 27409 | Orc:1    | Noticed an orc warlord
 27424 | Orc:1    | Killed an orc warlord
 27845 | Orc:2    | Entered Level 2 of the Orcish Mines
 28392 | Orc:2    | Reached skill level 10 in Throwing
 28440 | Orc:2    | Found a staircase to the Elven Halls.
 28494 | Orc:2    | Noticed Saint Roka
 28705 | Orc:2    | Killed Saint Roka
 28705 | Orc:2    | Received a gift from Okawaru
 28705 | Orc:2    | Received a gift from Okawaru
 29185 | Orc:2    | Reached skill level 15 in Armour
 29969 | Orc:2    | Found Jukhleng's Magic Scroll Emporium.
 30003 | Orc:2    | Bought a scroll of enchant armour for 112 gold pieces
 30003 | Orc:2    | Bought a scroll of enchant armour for 112 gold pieces
 30043 | Orc:2    | Found an ancient bone altar of Kikubaaqudgha.
 30043 | Orc:2    | Noticed Nergalle
 30057 | Orc:2    | Reached skill level 15 in Fighting
 30067 | Orc:2    | Killed Nergalle
 30067 | Orc:2    | Identified the +1 pair of boots of Taiti {Int+3} (Okawaru
                  | gifted it to you on level 2 of the Orcish Mines)
 30067 | Orc:2    | Received a gift from Okawaru
 30100 | Orc:2    | Noticed Urug
 30106 | Orc:2    | Killed Urug
 30876 | Orc:2    | Found a radiant altar of Vehumet.
 30991 | Orc:2    | Found Ficadydd's Antique Armour Shoppe.
 31050 | Orc:2    | Found Zaffuuga's Jewellery Emporium.
 31058 | Orc:2    | Found Plog's Book Emporium.
 31498 | D:13     | Found a gate to the Vaults.
 31639 | D:14     | Noticed Nessos
 31642 | D:14     | Killed Nessos
 32065 | D:14     | Found a basalt altar of Yredelemnul.
 32177 | D:14     | Identified the +5 spear of Infinite Pain {drain, rN++}
 32838 | D:15     | Entered Level 15 of the Dungeon
 33183 | D:15     | Found a transporter.
 33185 | D:15     | Noticed Cofiopra's ghost (adept DjEE)
 33187 | D:15     | Identified the +2 great mace "Vegess" {pain, rPois Str+2
                  | Stlth+}
 33592 | D:15     | Received a gift from Okawaru
 33770 | D:15     | Found a sparkling altar of Nemelex Xobeh.
 33840 | D:15     | Found a staircase to the Depths.
 34406 | D:12     | Reached XP level 16. HP: 149/149 MP: 22/22
 34422 | D:12     | Received a gift from Okawaru
 34856 | Spider:1 | Entered Level 1 of the Spider Nest
 35155 | Spider:1 | You fall into a shaft and drop 1 floor!
 35287 | Spider:2 | Received a gift from Okawaru
 35298 | Spider:2 | HP: 6/149 [emperor scorpion (4)]
 35298 | Spider:2 | HP: 2/149 [emperor scorpion (4)]
 35718 | Shoals:1 | Entered Level 1 of the Shoals
 36066 | Shoals:1 | Acquired the ring of Esmeshru {Drain rPois rC+ AC+4}
 36329 | Shoals:1 | Received a gift from Okawaru
 36407 | Shoals:1 | Noticed a kraken
 39947 | Spider:2 | Received a gift from Okawaru
 40160 | Spider:2 | Identified the ring "Suxugig" {MP+9 Dex+3}
 40197 | Spider:2 | Received a gift from Okawaru
 40922 | Spider:3 | Noticed Agnes
 40931 | Spider:2 | Killed Agnes
 41716 | Spider:3 | Got the Disquisition on the Enthralling Voyage
 42532 | Spider:4 | Entered Level 4 of the Spider Nest
 42532 | Spider:4 | Noticed Nikola
 42614 | Spider:4 | Received a gift from Okawaru
 42643 | Spider:4 | Reached XP level 17. HP: 135/158 MP: 23/23
 43008 | Spider:4 | Noticed Aizul
 43019 | Spider:4 | Killed Aizul
 43019 | Spider:4 | Received a gift from Okawaru
 43101 | Spider:4 | Killed Nikola
 43581 | Spider:4 | Identified the +4 halberd of Cepan {venom, Int+2 Stlth+}
                  | (Okawaru gifted it to you on level 4 of the Spider Nest)
 43581 | Spider:4 | Received a gift from Okawaru
 45272 | Orc:2    | Bought a steaming kite shield for 275 gold pieces
 45272 | Orc:2    | Identified the +0 kite shield "Cakeeryi" {rPois Dex+6} (You
                  | bought it in a shop on level 2 of the Orcish Mines)
 45406 | D:11     | Bought a glowing scarf for 264 gold pieces
 45680 | Spider:4 | Identified the +3 chain mail of the Land of Plenty {rPois
                  | rF- Stlth+} (Okawaru gifted it to you on level 4 of the
                  | Spider Nest)
 45680 | Spider:4 | Received a gift from Okawaru
 46433 | Spider:4 | Got a gossamer rune of Zot
 46791 | Shoals:1 | Noticed a kraken
 46869 | Shoals:1 | Killed a kraken
 47056 | Shoals:1 | Killed a kraken
 47356 | Shoals:2 | Reached skill level 15 in Throwing
 48673 | Shoals:3 | Identified the +8 spear of the Final Chapter {speed, rCorr
                  | Str+2} (Okawaru gifted it to you on level 3 of the Shoals)
 48673 | Shoals:3 | Received a gift from Okawaru
 48726 | Shoals:3 | Reached XP level 18. HP: 169/169 MP: 24/24
 48738 | Shoals:3 | Noticed Polyphemus
 48752 | Shoals:3 | Killed Polyphemus
 49038 | Shoals:3 | Identified the +7 dagger "Oqanurif" {antimagic, Will+
                  | rCorr}
 49691 | Shoals:4 | Entered Level 4 of the Shoals
 49769 | Shoals:4 | Received a gift from Okawaru
 50471 | Shoals:4 | Received a gift from Okawaru
 50631 | Shoals:4 | Received a gift from Okawaru
 51410 | Shoals:4 | Identified the +0 leather armour of the King of the Hill
                  | {Rampage rF+}
 52057 | Shoals:4 | Got a barnacled rune of Zot
 52379 | Slime:1  | Entered Level 1 of the Pits of Slime
 53166 | Elf:1    | Entered Level 1 of the Elven Halls
 53307 | Elf:1    | Found Rioqoneg's One-of-a-Kind Books.
 53647 | Elf:1    | Received a gift from Okawaru
 54052 | Elf:1    | Paralysed by an air elemental for 1 turns
 54852 | Elf:1    | Reached XP level 19. HP: 172/181 MP: 25/25
 55527 | Elf:2    | Found Ziffeij's Magic Scroll Boutique.
 55532 | Elf:2    | Found a radiant altar of Vehumet.
 55536 | Elf:2    | Bought a scroll of enchant weapon for 97 gold pieces
 56737 | Elf:2    | Found a huge runed translucent gate.
 56737 | Elf:2    | Found a huge runed translucent gate.
 56737 | Elf:2    | Found a huge runed translucent gate.
 56737 | Elf:2    | Found a huge runed translucent gate.
 56737 | Elf:2    | Found a huge runed translucent gate.
 57356 | Elf:2    | Received a gift from Okawaru
 58253 | Elf:3    | Entered Level 3 of the Elven Halls
 58357 | Elf:3    | Received a gift from Okawaru
 58810 | Elf:2    | Received a gift from Okawaru
 58993 | Elf:2    | Identified the +6 chain mail of a treasure trove {Rampage
                  | *Slow Str+4 Int+3} (Okawaru gifted it to you on level 2 of
                  | the Elven Halls)
 58993 | Elf:2    | Received a gift from Okawaru
 59789 | Vaults:1 | Entered Level 1 of the Vaults
 59809 | Vaults:1 | Reached skill level 10 in Invocations
 60940 | Vaults:1 | Found Suamauli's Antique Armour Shop.
 61420 | Vaults:1 | Reached XP level 20. HP: 159/198 MP: 26/26
 63060 | Vaults:2 | Noticed Donald
 63080 | Vaults:2 | Killed Donald
 63205 | Vaults:2 | Received a gift from Okawaru
 63290 | Vaults:2 | Received a gift from Okawaru
 63559 | Vaults:2 | Received a gift from Okawaru
 64053 | Vaults:2 | Found a huge runed gate.
 64053 | Vaults:2 | Found a huge runed gate.
 64053 | Vaults:2 | Found a huge runed gate.
 64053 | Vaults:2 | Found a huge runed gate.
 64053 | Vaults:2 | Found a huge runed gate.
 64053 | Vaults:2 | Found a huge runed gate.
 64055 | Vaults:2 | Found a huge runed gate.
 64055 | Vaults:2 | Found a huge runed gate.
 64056 | Vaults:2 | Found a huge runed gate.
 64057 | Vaults:2 | Found a huge runed gate.
 64060 | Vaults:2 | Found a huge runed gate.
 64060 | Vaults:2 | Found a huge runed gate.
 64060 | Vaults:2 | Found a huge runed gate.
 64060 | Vaults:2 | Found a huge runed gate.
 64060 | Vaults:2 | Found a huge runed gate.
 64060 | Vaults:2 | Found a huge runed gate.
 64061 | Vaults:2 | Found a huge runed gate.
 64062 | Vaults:2 | Found a huge runed gate.
 64063 | Vaults:2 | Found a huge runed gate.
 64071 | Vaults:2 | Found a huge runed gate.
 64071 | Vaults:2 | Found a huge runed gate.
 64071 | Vaults:2 | Found a huge runed gate.
 64071 | Vaults:2 | Found a huge runed gate.
 64071 | Vaults:2 | Found a huge runed gate.
 64071 | Vaults:2 | Found a huge runed gate.
 64072 | Vaults:2 | Found a huge runed gate.
 64073 | Vaults:2 | Found a huge runed gate.
 64075 | Vaults:2 | Found a huge runed gate.
 64174 | Vaults:2 | Found a huge runed gate.
 64174 | Vaults:2 | Found a huge runed gate.
 64174 | Vaults:2 | Found a huge runed gate.
 64174 | Vaults:2 | Found a huge runed gate.
 64174 | Vaults:2 | Found a huge runed gate.
 64174 | Vaults:2 | Found a huge runed gate.
 64193 | Vaults:2 | Found a huge runed gate.
 64194 | Vaults:2 | Found a huge runed gate.
 64484 | Vaults:2 | Noticed Boris
 64493 | Vaults:2 | Killed Boris
 64735 | Vaults:2 | Identified the ring of Truth {rCorr Str+6 Int+4 Dex+2}
 65639 | Vaults:2 | Received a gift from Okawaru
 65901 | Vaults:3 | Found Arul's Jewellery Shoppe.
 65914 | Vaults:3 | Bought the ring "Moiludy" {Str+4 SInv} for 577 gold pieces
 66459 | Vaults:3 | Reached XP level 21. HP: 197/198 MP: 27/27
 66518 | Vaults:3 | Found a staircase to the Crypt.
 66741 | Vaults:3 | Found Cyezul's Antique Weapon Boutique.
 67348 | Vaults:3 | Identified the +1 longbow of Big Damage {vorpal, Contam
                  | rElec rF+ rC+} (Okawaru gifted it to you on level 3 of the
                  | Vaults)
 67348 | Vaults:3 | Received a gift from Okawaru
 67505 | Vaults:3 | Found Bouts's Weapon Shop.
 68138 | Depths:1 | Entered Level 1 of the Depths
 68138 | Depths:1 | Found a gateway to Hell.
 68330 | Depths:1 | Noticed a caustic shrike
 68330 | Depths:1 | Noticed a caustic shrike
 68332 | Depths:1 | Noticed a caustic shrike
 68332 | Depths:1 | Noticed a caustic shrike
 68345 | D:15     | Killed a caustic shrike
 68351 | D:15     | Killed a caustic shrike
 68462 | Depths:1 | Noticed a caustic shrike
 68485 | D:15     | HP: 8/217 [acid (4)]
 68743 | D:14     | Killed a caustic shrike
 69002 | D:15     | Killed a caustic shrike
 69007 | D:15     | Killed a caustic shrike
 69319 | Elf:3    | Paralysed by an air elemental for 1 turns
 70009 | Crypt:1  | Entered Level 1 of the Crypt
 70505 | Crypt:1  | Received a gift from Okawaru
 71092 | Crypt:1  | Received a gift from Okawaru
 71172 | Crypt:1  | Identified the -4 pair of gloves "Deomn" {rPois Will-
                  | Regen+ Int-3}
 71520 | Crypt:1  | Received a gift from Okawaru
 71825 | Vaults:3 | Found a staircase to the Crypt.
 71898 | Vaults:3 | Found Arul's Jewellery Shoppe.
 72132 | Vaults:3 | Found Cyezul's Antique Weapon Boutique.
 72297 | Vaults:3 | Found Bouts's Weapon Shop.
 73188 | Orc:2    | Bought a scroll of holy word for 112 gold pieces
 73568 | Crypt:2  | Found a magical portal.
 73578 | WizLab   | Entered Yara's Duelist Academy
 74806 | WizLab   | Noticed Ucyehas
 74956 | WizLab   | Killed Ucyehas the Head Instructor
 75488 | WizLab   | Found the +5 demon whip "Spellbinder" {antimagic, Will+}
 75702 | Crypt:2  | Received a gift from Okawaru
 75782 | Crypt:2  | Reached XP level 22. HP: 229/229 MP: 9/29
 76984 | Crypt:2  | Noticed Vv
 77029 | Crypt:2  | Killed Vv
 77298 | Crypt:3  | Entered Level 3 of the Crypt
 78330 | Crypt:3  | Received a gift from Okawaru
 78745 | Crypt:3  | Received a gift from Okawaru
 79082 | Crypt:3  | Identified the amulet "Futrew" {rPois Will+ Regen+}
 79506 | Crypt:3  | Identified the +0 plate armour "Yshrusoo" {Harm Regen+
                  | Int-2 Dex-3} (Okawaru gifted it to you on level 3 of the
                  | Crypt)
 79506 | Crypt:3  | Received a gift from Okawaru
 79791 | Crypt:3  | Identified the +1 leather armour of Gozag's Indignation
                  | {+Blink rPois SInv}
 79814 | Arena    | Entered the Arena
 79882 | Crypt:3  | Reached skill level 27 in Fighting
 81425 | Crypt:3  | Found a basalt altar of Yredelemnul.
 81740 | Crypt:3  | Identified the ring "Pamy" {rN+ Will+ rCorr}
 81740 | Crypt:3  | Identified the ring "Gaciesil" {rN+ Str+4}
 81781 | Crypt:3  | Identified the +0 falchion of Pride {freeze, Will- Str+4
                  | Stlth+}
 82009 | Crypt:3  | Found a staircase to the Tomb.
 83461 | Depths:1 | Reached skill level 5 in Evocations
 84928 | Depths:1 | Found a glowing golden altar of the Shining One.
 85406 | Depths:1 | Found a one-way gate to the infinite horrors of the Abyss.
 85488 | Depths:2 | Found an ancient bone altar of Kikubaaqudgha.
 85656 | Depths:2 | Received a gift from Okawaru
 86263 | Depths:2 | Found a one-way gate leading to the halls of Pandemonium.
 86383 | Depths:2 | Reached XP level 23. HP: 205/240 MP: 30/30
 86412 | Depths:2 | Found a radiant altar of Vehumet.
 86829 | Depths:2 | Identified the +1 plate armour of Quiwetu {rF+}
 87221 | Depths:2 | Found a runed translucent door.
 87227 | Depths:2 | Found a runed translucent door.
 87353 | D:15     | Found a transporter.
 87358 | D:15     | Killed Cofiopra's ghost
 88305 | Depths:3 | Found a one-way gateway to a ziggurat.
 90030 | Depths:3 | Noticed Sojobo
 90036 | Arena    | Entered the Arena
 90042 | Arena    | Killed Sojobo
 90042 | Arena    | Identified the +1 robe "Tong" {Contam rF+++ Int+2 Stlth+}
                  | (Okawaru gifted it to you in the Arena)
 90042 | Arena    | Received a gift from Okawaru
 90043 | Arena    | Reached skill level 10 in Evocations
 90215 | Depths:4 | Entered Level 4 of the Depths
 90268 | Depths:4 | Noticed a caustic shrike
 90268 | Depths:4 | Noticed a caustic shrike
 90268 | Depths:4 | Noticed a caustic shrike
 90268 | Depths:4 | Noticed a caustic shrike
 90756 | Depths:4 | Killed a caustic shrike
 90789 | Depths:4 | Noticed a caustic shrike
 90805 | Depths:4 | Noticed a caustic shrike
 90805 | Depths:4 | Noticed the Enchantress
 90808 | Depths:4 | Noticed a caustic shrike
 90811 | Depths:4 | Noticed a caustic shrike
 90818 | Depths:3 | Reached skill level 1 in Maces & Flails
 91060 | Depths:3 | Killed the Enchantress
 91061 | Depths:3 | Reached skill level 27 in Armour
 91202 | Depths:3 | Killed a caustic shrike
 91225 | Depths:3 | Killed a caustic shrike
 91459 | Depths:3 | Killed a caustic shrike
 92003 | Depths:3 | Killed a caustic shrike
 92005 | Depths:3 | Killed a caustic shrike
 92074 | Depths:4 | Killed a caustic shrike
 92106 | Depths:4 | Got the Compendium of Destructive Ignition
 92814 | Depths:4 | Identified the +5 chain mail "Owky" {SInv}
 93299 | Depths:4 | Received a gift from Okawaru
 93959 | Depths:4 | Found a gate to the Realm of Zot.
 94142 | Depths:3 | Killed a caustic shrike
 94366 | Elf:3    | Reached skill level 1 in Dodging
 94473 | Elf:3    | Reached XP level 24. HP: 238/245 MP: 5/32
 94656 | Elf:3    | Identified the +4 hand axe "Qazoschu" {distort, *Slow rC+
                  | Int+2 Dex+5}
 95432 | Elf:3    | Reached skill level 15 in Invocations
 95441 | Elf:3    | Identified the ring of Eternal Night {rF+ Will+ Str+6}
 95672 | Elf:3    | Paralysed by an air elemental for 1 turns
 95894 | Elf:3    | Found a runed translucent gate.
 95894 | Elf:3    | Found a runed translucent gate.
 95894 | Elf:3    | Found a runed translucent gate.
 95897 | Elf:3    | Noticed Opeho's ghost (journeyman MiBe)
 96538 | Elf:3    | Received a gift from Okawaru
 96608 | Elf:3    | Found Kaoskaza's General Store.
 96628 | Elf:3    | Bought a wand of digging (4) for 224 gold pieces
 96628 | Elf:3    | Bought a potion of cancellation for 112 gold pieces
 96628 | Elf:3    | Bought a potion of heal wounds for 70 gold pieces
 96802 | Elf:3    | Got the Tome of Confrontation
 96995 | Elf:3    | Identified the +6 hunting sling "Conservator" {venom,
                  | rElec}
 97021 | Elf:3    | Got Gaokk's Papyrus of Lethal Darkness
 97022 | Elf:3    | Identified the +4 ring mail of Focus {-Cast rN+++ rCorr
                  | Dex-4}
 97112 | Elf:3    | Identified the +6 falchion of Acathrap {vorpal, rF- Str+4}
 97135 | Elf:3    | Killed Opeho's ghost
 97195 | Elf:3    | Identified the +0 pair of gloves "Niutimes" {Int+3}
 97861 | Tomb:1   | Entered Level 1 of the Tomb of the Ancients
100086 | Tomb:1   | Reached skill level 5 in Maces & Flails
100096 | Tomb:1   | Noticed a royal mummy
100515 | Tomb:1   | Noticed a royal mummy
100535 | Tomb:1   | Killed a royal mummy
100688 | Tomb:1   | Received a gift from Okawaru
101145 | Tomb:1   | Killed a royal mummy
101234 | Tomb:1   | Noticed a royal mummy
101246 | Tomb:1   | Killed a royal mummy
101430 | Tomb:2   | Noticed a royal mummy
101433 | Tomb:2   | Noticed a royal mummy
101433 | Tomb:2   | Noticed Boris
101440 | Tomb:2   | HP: 9/249 [??? (4)]
101443 | Tomb:2   | Noticed a royal mummy
101444 | Tomb:2   | Noticed a royal mummy
101446 | Tomb:2   | Killed a royal mummy
101446 | Tomb:2   | Received a gift from Okawaru
101449 | Tomb:2   | Killed from afar by Boris

Illustrated notes

Levels and vault maps discovered:
D:1:      ncdulo_lavacross, layout_basic,
          shapermc_ecumenical_altar_starsandcircs, st_stairs_8,
          chequers_serial_rivers_room_a
D:2:      layout_loops_cross
D:3:      layout_basic, portal_sewer_entry_b, ebering_ghost_sewer_d,
          minivault_23
D:4:      layout_basic, grunt_gozag_breadcrumbs,
          mainiacjoe_overflow_surrounded_room, mainiacjoe_overflow_brackets,
          amcnicky_mini_corridor_feature, uniq_sigmund, uniq_pikel,
          uniq_eustachio
D:5:      layout_loops_ring, cheibriados_altar_1, minmay_temple_entry_wispy
D:6:      layout_basic
D:7:      layout_loops_corners, nicolae_uskayaw_dance_studio
D:8:      layout_basic, david_lair_generic
D:9:      layout_small_grid, mainiacjoe_overflow_alcove_4
D:10:     layout_small_grid, minmay_increasing_density
D:11:     layout_small_grid, serial_shops, nicolae_shop_behind_doors,
          uniq_gastronok, uniq_erolcha
D:12:     layout_gridville, hiddenorc1_lemuel, gauntlet_entry_generic,
          chequers_guarded_unrand_ignorance
D:13:     layout_stronghold, david_vaults_4
D:14:     layout_roguey, lemuel_coloured_pillars_altar, hex_medium, uniq_nessos
D:15:     grunt_enter_depths_magical_seal, layout_cave_pools,
          gammafunk_ghost_smash, serial_park_tiny_1,
          nemelex_diamond_rough_becter
Temple:   compressed_dpeg_circular_temple
Lair:1:   layout_regular_city, beast_lair_carwin_3
Lair:2:   layout_roguey, hellmonk_spider_entry_not_the_bees,
          serial_bayou_shore_b, infiniplex_staircase_pool_2
Lair:3:   nzn_winding_woodlands_large [nzn_winding_woodlands_5x5_perimeter,
          nzn_winding_woodlands_5x15_garden, nzn_winding_woodlands_hourglass,
          nzn_winding_woodlands_center_lodge,
          nzn_winding_woodlands_15x15_thick_spiral,
          nzn_winding_woodlands_center_diamonds,
          nzn_winding_woodlands_5x5_three, nzn_winding_woodlands_5x15_pockets,
          nzn_winding_woodlands_5x5_default], layout_regular_city,
          shoals_dummy_entry, grunt_forest_stairs_clearing
Lair:4:   layout_regular_city, lemuel_fruit_tree, grunt_megastairs_2,
          serial_bayou_shore_b
Lair:5:   layout_loops_ring, slime_dummy, serial_bayou, serial_bayou_pond_e,
          serial_bayou_lagoon_b, serial_bayou_pond_d, serial_bayou_pond_b,
          serial_bayou_ford_a, nicolae_lair_lil_pond, kilobyte_rumbling_trees
Lair:6:   cheibrodos_lair_end_hotspot, layout_concentric_octagons,
          enter_volcano_2, serial_bayou_lake_a
Shoals:1: layout_shoals
Shoals:2: layout_shoals
Shoals:3: cheibrodos_shoals_oceanic_diplomacy, layout_shoals, uniq_polyphemus
Shoals:4: shoals_end_hellmonk_lost_city
Spider:1: layout_spider_delve, nicolae_spider_undead_wolf_pack,
          hangedman_spider_tarantella_strand
Spider:2: layout_spider_delve, nicolae_spider_twisty_arc_passages
Spider:3: layout_chambers, uniq_agnes
Spider:4: floodkiller_spider_rune_tomb, nicolae_spider_moth_buddies,
          uniq_nikola, uniq_aizul
Slime:1:  layout_caves, cheibrodos_slime_lost_civilization_6
Orc:1:    layout_caves, portal_ice_cave_entry_pillars_1, rock_pile
Orc:2:    kennysheep_orc_mage_school, layout_caves, uniq_saint_roka, uniq_urug
Elf:1:    layout_geoelf_octagon, serial_glass, glass_columns_c, glass_columns_c,
          hangedman_corner_corridor, amcnicky_mini_rare_corridor_liquid,
          nicolae_rare_books
Elf:2:    elven_hall_of_blades_hangedman_alternative [nicolae_blade_bullseye],
          layout_onion_city, basic_altar, serial_shops, shop_statue,
          nicolae_elf_w_pinch
Elf:3:    elf_hall, layout_loops_cross, serial_shops, nicolae_shop_hallway_plus,
          gammafunk_ghost_tricky_traps, special_room [special_room_orc],
          nicolae_concentric_dashed_squares_mild, minmay_elf_annihilation
Vaults:1: v_misc_17, ontoclasm_vaults_bender, vaults_room_grunt_arrival_ludios,
          nicolae_vaults_network_periphery, v_pattern_3,
          ontoclasm_vaults_hangar, vaults_room_stairs_pillars,
          vaults_dpeg_hooks, vaults_room_stairs_pillars,
          layout_vaults_maze_snakey, serial_shops,
          nicolae_shop_temple_entry_statues_fountains
Vaults:2: nicolae_vaults_windows_and_doors_thing, hangedman_vaults_capsules,
          vaults_room_pool, vaults_standard_mumra_enter_the_diamond,
          hangedman_vaults_cutoff, ontoclasm_vaults_ring_small, v_misc_29,
          door_vault, nicolae_vaults_network_square,
          nicolae_vaults_specimen_jars, v_misc_25, layout_vaults_omnicross,
          uniq_boris, uniq_donald
Vaults:3: hangedman_vaults_stagger, grunt_vaults_trifunnel, v_pattern_2,
          v_rooms_5, v_misc_26, vaults_dpeg_diagonal, layout_vaults_omnigrid,
          serial_glass, serial_shops,
          nicolae_shop_temple_entry_statues_fountains, nicolae_shop_waterfront,
          shop_statue
Crypt:1:  layout_regular_city, st_stairs_3, grunt_crypt_arrival_split
Crypt:2:  layout_gridlike, mu_enter_wizlab_1, serial_sigils_hangedman_snap,
          uniq_vv
Crypt:3:  evilmike_haunted_forest
Tomb:1
Tomb:2
Depths:1: layout_gridville, tso_altar, minmay_room_of_horrors, hell_entry,
          minmay_fractal_squares_gapless_7
Depths:2: thingy_vault_2, layout_twisted_cross, abyss_entry,
          nicolae_vehumet_altar_sigil, rand_demon_pan_entry_5, hell_entry,
          hangedman_decor_growths, nicolae_kikubaaqudgha_miasma_corner
Depths:3: minmay_the_grid_octo_tiled_octocenter
          [minmay_the_grid_octo_thin_diamonds,
          minmay_the_grid_octo_tetromino_candy, minmay_the_grid_octo_teeth,
          minmay_the_grid_octo_odd_swirl, minmay_the_grid_octo_prize_big_c,
          minmay_the_grid_square_5x5_empty, minmay_the_grid_square_5x5_inset,
          minmay_the_grid_square_5x5_comb, minmay_the_grid_square_5x5_plus],
          layout_gridlike, enter_ziggurat_c, abyss_entry,
          pf_hell_entry_great_geh, minmay_stone_trees_small,
          infiniplex_staircase_pillars_2, uniq_sojobo
Depths:4: evilmike_zot_entry_gauntlet, layout_basic, nicolae_water_bricks,
          hell_entry, lightli_fourway_metalbox, uniq_enchantress

Skill      XL: |  1  2  3  4  5  6  7  8  9 10 11 12 13 14 15 16 17 18 19 20 21 22 23 24 |
---------------+-------------------------------------------------------------------------+-----
Fighting       | 4 5 6 8 9 10 12 13 14 15 16 17 18 21 24 26 27 | 27.0
Armour         | 4 5 7 8 9 10 12 13 14 15 16 17 18 20 21 23 25 27 | 27.0
Polearms       | 3 4 5 6 8 9 12 14 16 17 18 20 22 23 24 | 24.0
Throwing       | 1 2 3 4 5 6 8 9 11 13 15 16 | 16.0
Evocations     | 1 7 11 12 | 12.3
Invocations    | 3 6 7 9 10 11 14 16 | 16.6
Maces & Flails | 3 8 |  8.1
Dodging        | 1 2 |  2.6
Shields        | |  3.6

Action                   |  1- 3 |  4- 6 |  7- 9 | 10-12 | 13-15 | 16-18 | 19-21 | 22-24 || total
-------------------------+-------+-------+-------+-------+-------+-------+-------+-------++-------
Melee: Trident           |    88 |    42 |       |    58 |   101 |       |       |       ||   289
       Headbutt          |     8 |    14 |    40 |   141 |   225 |   160 |   312 |   428 ||  1328
       Halberd           |       |    65 |   194 |       |       |       |    47 |       ||   306
       Glaive            |       |       |   115 |   601 |   512 |       |       |       ||  1228
       Demon trident     |       |       |       |       |   236 |    42 |    68 |   360 ||   706
       Bardiche          |       |       |       |       |   252 |   681 |   754 |   387 ||  2074
       Punch             |       |       |       |       |     5 |       |    16 |    17 ||    38
       Spear             |       |       |       |       |       |    69 |   390 |   748 ||  1207
       Dire flail        |       |       |       |       |       |       |       |    46 ||    46
Throw: Stone             |    18 |    54 |    29 |    50 |    91 |       |       |       ||   242
       Dart              |       |       |    11 |    23 |    60 |    27 |       |    31 ||   152
       Javelin           |       |       |       |    11 |    49 |   114 |   338 |   341 ||   853
       Boomerang         |       |       |       |    47 |   315 |   818 |   133 |    16 ||  1329
Invok: Heroism           |       |       |       |     1 |       |     1 |       |       ||     2
       Finesse           |       |       |       |       |     5 |     4 |     7 |     9 ||    25
       Duel              |       |       |       |       |       |       |       |     2 ||     2
Evoke: Wand              |       |       |     4 |     2 |       |     5 |     1 |    35 ||    47
       Condenser vane    |       |       |       |       |       |       |     1 |       ||     1
  Use: Scroll            |     7 |     2 |     6 |    15 |    14 |    12 |    16 |    10 ||    82
       Potion            |       |       |     1 |       |     6 |     8 |     9 |     8 ||    32
 Stab: Distracted        |       |       |       |     1 |       |       |       |     1 ||     2
       Petrified         |       |       |       |       |       |     7 |       |       ||     7
       Petrifying        |       |       |       |       |       |     1 |       |       ||     1
Armor: Scale mail        |    24 |    33 |    42 |       |   173 |       |       |       ||   272
       Ring mail         |       |       |    32 |       |       |       |       |       ||    32
       Plate armour      |       |       |    49 |   474 |   448 |   886 |   904 |  1006 ||  3767
       Ice dragon scales |       |       |       |       |    48 |       |       |       ||    48
Dodge: Dodged            |    28 |    34 |    99 |   219 |   373 |   317 |   411 |   492 ||  1973
Block: Buckler           |    16 |     4 |       |       |       |       |       |       ||    20

Table legend: (Time is in decaauts)
 A = Elapsed time spent in this place.
 B = Non-inter-level travel time spent in this place.
 C = Inter-level travel time spent in this place.
 D = Time resting spent in this place.
 E = Time spent auto-exploring this place.
 F = Levels seen in this place.
 G = Mean time per level.
                   A        B        C        D        E       F      G
               +--------+--------+--------+--------+--------+-----+--------+
         Total |  99814 |  82949 |  16865 |  33653 |  31885 |  55 | 1814.8 |
       Dungeon |  26412 |  17547 |   8865 |   4740 |   9509 |  15 | 1760.8 |
        Temple |    110 |     69 |     41 |      0 |      0 |   1 |  110.0 |
          Lair |   9669 |   8262 |   1407 |   2040 |   4452 |   6 | 1611.5 |
        Shoals |   6613 |   6108 |    505 |   2606 |   1930 |   4 | 1653.2 |
   Spider Nest |   9177 |   8482 |    695 |   4245 |   2819 |   4 | 2294.2 |
    Slime Pits |    305 |    304 |      1 |    221 |     12 |   1 |  305.0 |
  Orcish Mines |   5112 |   4018 |   1094 |   2311 |    966 |   2 | 2556.0 |
   Elven Halls |   8670 |   7689 |    981 |   3685 |   2671 |   3 | 2890.0 |
        Vaults |   7865 |   6582 |   1283 |   1806 |   3500 |   3 | 2621.7 |
         Crypt |   8413 |   7406 |   1007 |   3643 |   1772 |   3 | 2804.3 |
          Tomb |   2690 |   2530 |    160 |   1249 |    330 |   2 | 1345.0 |
        Depths |  10493 |   9672 |    821 |   5369 |   2703 |   4 | 2623.2 |
         Sewer |    514 |    514 |      0 |      0 |    335 |   1 |  514.0 |
      Ice Cave |    862 |    862 |      0 |    117 |    483 |   1 |  862.0 |
       Volcano |    355 |    355 |      0 |    107 |    118 |   1 |  355.0 |
        Wizlab |   1971 |   1971 |      0 |   1390 |     76 |   1 | 1971.0 |
      Gauntlet |    533 |    533 |      0 |     90 |    207 |   1 |  533.0 |
         Arena |     43 |     43 |      0 |     30 |      0 |   2 |   21.5 |
               +--------+--------+--------+--------+--------+-----+--------+

Top non-repeatable levels by time:
 Crypt:3: 4670 daAuts
   Elf:2: 3871 daAuts
   Orc:2: 3403 daAuts
Depths:3: 3381 daAuts
Vaults:3: 3097 daAuts
Spider:1: 3090 daAuts
Depths:1: 2932 daAuts
Spider:4: 2905 daAuts
   Elf:3: 2759 daAuts
  Tomb:1: 2673 daAuts
Depths:4: 2667 daAuts
    D:12: 2574 daAuts
    D:13: 2570 daAuts
     D:8: 2441 daAuts
Shoals:4: 2416 daAuts
